AoeStats
← [GDL] HANNIBAL

Arena

509993999Analyzed
4v4 RM · 3d ago on Sep 29, 2026· 44m 34s· 8 players
Game mode
Random Map
Map size
Large (8 player)
Population
200
Speed
Normal
Resources
Standard
Victory
Conquest
Starting age
Dark Age
Ending age
Imperial Age
RankedLock teamsTeams togetherTeam positionsShared explorationLock speedFull tech treeHidden civsTurbo modeCheats
Victory
Defeat
🇨🇱 Cumans · Chile
1542
+11
🇨🇱 Khmer · Chile
1502
+12
🇨🇱 Armenians · Chile
1393
+18
🇨🇱 Romans · Chile
1382
+17
🇩🇴 Spanish · Dominican Republic
1495
-17
🇧🇷 Teutons · Brazil
1481
-17
🇩🇪 Franks · Germany
1373
-13
🇲🇽 Hindustanis · Mexico
1326
-11
[GDL] HANNIBAL
11:32 Feudal Age
12:45 Double-Bit Axe
15:16 Castle Age
13:04 Horse Collar
16:24 Bow Saw
22:36 Wheelbarrow
23:11 Heavy Plow
25:21 Scale Barding Armor
27:27 Hand Cart
27:01 Town Watch
31:15 Imperial Age
28:44 Gold Mining
28:52 Stone Mining
29:04 Scale Mail Armor
29:51 Chain Barding Armor
29:49 Forging
29:43 Squires
29:34 Loom
30:47 Bloodlines
29:59 Light Cavalry
30:57 Chain Mail Armor
30:57 Town Patrol
32:24 Conscription
31:59 Elite Ghulam
32:09 Pikeman
34:43 Two-Man Saw
35:21 Iron Casting
34:21 Man-at-Arms
35:05 Husbandry
37:22 Coinage
38:28 Blast Furnace
39:19 Stone Shaft Mining
39:32 Heavy Camel Rider
40:49 Plate Barding Armor
41:45 Caravan
41:53 Imperial Camel Rider
Haider_435
10:30 Feudal Age
14:54 Castle Age
12:44 Loom
15:00 Castle Age
13:34 Double-Bit Axe
14:13 Fletching
18:19 Forging
27:11 Iron Casting
27:36 Scale Mail Armor
27:24 Arson
28:00 Squires
28:38 Bow Saw
37:28 Wheelbarrow
41:27 Imperial Age
41:36 Elite Throwing Axeman
44:04 Blast Furnace
Malcolm Little
10:06 Feudal Age
14:37 Castle Age
13:30 Double-Bit Axe
19:58 Bow Saw
22:26 Loom
29:35 Wheelbarrow
30:34 Horse Collar
34:55 Heavy Plow
38:21 Gold Mining
39:32 Squires
40:32 Scale Mail Armor
40:43 Forging
43:49 Imperial Age
41:49 Hand Cart
41:44 Pikeman
42:32 Gambesons
42:32 Arson
43:57 Halberdier
Tylenol
10:39 Feudal Age
14:32 Castle Age
12:22 Horse Collar
13:10 Double-Bit Axe
15:39 Bow Saw
16:05 Gold Mining
16:17 Heavy Plow
20:24 Loom
24:34 Scale Barding Armor
27:41 Wheelbarrow
31:24 Imperial Age
28:21 Pikeman
29:02 Squires
28:47 Arson
29:29 Scale Mail Armor
29:40 Forging
31:25 Sanctity
31:35 Chain Mail Armor
32:35 Illumination
34:34 Two-Man Saw
34:05 Crop Rotation
34:11 Chain Barding Armor
34:44 Fervor
35:29 Plate Mail Armor
35:34 Iron Casting
35:29 Plate Mail Armor
35:23 Block Printing
37:09 Plate Barding Armor
37:09 Iron Casting
38:08 Chemistry
40:17 Blast Furnace
38:39 Cavalier
40:22 Halberdier
42:55 Bloodlines
44:03 Hand Cart
war pigs
9:15 Feudal Age
9:49 Man-at-Arms
12:09 Loom
12:11 Double-Bit Axe
14:23 Scale Mail Armor
15:28 Town Watch
18:44 Castle Age
17:19 Forging
19:38 Bow Saw
19:41 Long Swordsman
20:52 Chain Mail Armor
23:15 Wheelbarrow
36:52 Horse Collar
38:29 Ballistics
42:02 Hand Cart
46:13 Imperial Age
[KKCK]elSalmon
10:33 Feudal Age
11:26 Man-at-Arms
13:01 Long Swordsman
17:27 Forging
17:55 Loom
18:58 Horse Collar
20:42 Wheelbarrow
20:43 Scale Mail Armor
21:21 Double-Bit Axe
24:54 Castle Age
23:23 Gold Mining
26:22 Bow Saw
26:53 Pikeman
28:27 Iron Casting
28:09 Chain Mail Armor
27:30 Halberdier
30:32 Squires
31:17 Arson
31:18 Gambesons
39:04 Imperial Age
36:33 Fletching
36:44 Padded Archer Armor
37:18 Bodkin Arrow
36:48 Crossbowman
37:54 Hand Cart
37:26 Town Watch
39:35 Heavy Plow
39:18 Arbalester
40:03 Bracer
40:19 Leather Archer Armor
41:05 Blast Furnace
40:35 Plate Mail Armor
41:08 Chemistry
40:29 Ballistics
40:42 Conscription
42:14 Ring Archer Armor
42:12 Two-Handed Swordsman
43:37 Masonry
43:24 Murder Holes
43:23 Champion
[KKCK]nachoalbo_
10:12 Feudal Age
13:33 Castle Age
11:57 Double-Bit Axe
15:07 Bow Saw
15:32 Horse Collar
16:57 Loom
19:42 Heavy Plow
21:18 Wheelbarrow
21:56 Gold Mining
22:36 Hand Cart
24:06 Gold Shaft Mining
26:48 Imperial Age
24:54 Town Watch
25:09 Stone Mining
25:44 Scale Barding Armor
25:50 Forging
25:43 Husbandry
25:54 Bloodlines
27:41 Chain Barding Armor
29:33 Plate Barding Armor
29:34 Iron Casting
29:24 Devotion
30:20 Devotion
33:27 Faith
34:57 Blast Furnace
34:04 Tusk Swords
34:24 Conscription
34:02 Elite Battle Elephant
34:35 Fletching
35:32 Light Cavalry
36:22 Hussar
39:18 Hoardings
[KKCK]Erdinger_CLs
6:24 Loom
9:27 Feudal Age
9:59 Double-Bit Axe
18:02 Horse Collar
26:05 Castle Age
26:07 Wheelbarrow
25:25 Gold Mining
26:45 Capped Ram
28:26 Scale Barding Armor
28:31 Forging
29:49 Bow Saw
30:28 Bloodlines
31:50 Chain Barding Armor
32:06 Iron Casting
32:33 Heavy Plow
33:11 Gold Shaft Mining
38:22 Imperial Age
36:09 Hand Cart
38:27 Cavalier
39:52 Plate Barding Armor
40:38 Blast Furnace
41:02 Two-Man Saw
41:25 Crop Rotation
40:50 Paladin
Connection lost

Rejoining the realm…

Still unreachable

The connection could not be restored.

Session expired

The server has moved on; the page needs a fresh start.